 Dungeon Crawl Stone Soup version 0.17.1-3-g152610e (webtiles) character file.

56 dearth the Sneak (level 3, 0/16 HPs)
             Began as a Spriggan Enchanter on Feb 26, 2016.
             Succumbed to an adder's poison
             ... on level 2 of the Dungeon.
             The game lasted 00:07:17 (1537 turns).

dearth the Sneak (Spriggan Enchanter)               Turns: 1537, Time: 00:07:17

Health: 0/16       AC:  3    Str:  4    XL:     3   Next: 71%
Magic:  17/17      EV: 19    Int: 17    God:
Gold:   67         SH:  0    Dex: 16    Spells: 1 memorised, 7 levels left

rFire  . . .     SeeInvis +     a - +1 dagger
rCold  . . .     Clarity  .     b - +1 robe
rNeg   . . .     SustAt   .     (shield restricted)
rPois  .         Gourm    .     (helmet restricted)
rElec  .         Spirit   .     (no cloak)
rCorr  .         Warding  .     (gloves unavailable)
rMut   .         Stasis   .     (boots unavailable)
MR     .....                    (no amulet)
Stlth  ++++......               p - ring of magical power
                                g - ring of stealth

@: lethally poisoned (0 -> -8), very quick, not resistant to hostile
enchantments, stealthy
A: unfitting armour, see invisible, herbivore 3, speed 3, slow metabolism 2
a: no special abilities


You were on level 2 of the Dungeon.
You were not hungry.

You visited 1 branch of the dungeon, and saw 2 of its levels.

You collected 67 gold pieces.

Inventory:

Hand Weapons
 a - a +1 dagger (weapon)
Missiles
 o - 106 stones (quivered)
Armour
 b - a +1 robe (worn)
Jewellery
 g - a ring of stealth (left hand)
 p - a ring of magical power (right hand)
Scrolls
 e - a scroll of fear {unknown}
 h - a scroll of amnesia {unknown}
 l - 2 scrolls of remove curse {unknown}
 m - a scroll of immolation {unknown}
 n - 4 scrolls of identify {unknown}
 q - a scroll of random uselessness {unknown}
 r - a scroll of recharging {unknown}
Potions
 f - a potion of brilliance {unknown}
 i - a potion of agility {unknown}
 j - a potion of resistance {unknown}
 k - 2 potions of curing {unknown}
 s - a potion of flight {unknown}
Books
 c - a book of Maledictions

   Spells                             Type                      Level
   a - Corona                         Hexes                        1
   b - Ensorcelled Hibernation        Hexes/Ice                    2
   c - Confuse                        Hexes                        3
   d - Tukima's Dance                 Hexes                        3
   e - Dazzling Spray                 Conjuration/Hexes            3
Comestibles
 d - 2 bread rations


   Skills:
 + Level 1.8 Short Blades
 + Level 3.7 Dodging
 + Level 5.2 Stealth
 + Level 3.3 Spellcasting
 + Level 4.1 Hexes


You had 7 spell levels left.
You knew the following spells:

 Your Spells              Type           Power        Failure   Level  Hunger
a - Corona                Hex            ###....      3%          1    None


Dungeon Overview and Level Annotations

Branches:
Dungeon (2/15)

Altars:
Fedhas
Vehumet


Innate Abilities, Weirdness & Mutations

You are tiny and cannot use many weapons and most armour.
You have supernaturally acute eyesight.
You are a herbivore.
You cover ground extremely quickly.
You need consume almost no food.


Message History

The adder completely misses you.
You closely miss the adder.
The adder is moderately wounded.
* * * LOW HITPOINT WARNING * * *
You feel sick. The adder misses you.
You hit the adder.
The adder is heavily wounded.
The adder misses you.
You hit the adder.
The adder is severely wounded.
* * * LOW HITPOINT WARNING * * *
You feel sick. The adder barely misses you. The adder completely misses you.
You miss the adder.
The adder is severely wounded.
The adder barely misses you.
You hit the adder.
You kill the adder!
* * * LOW HITPOINT WARNING * * *
You feel sick.
You die...

... #...##.#
#####.###.##..# #
.............##.##
#.......###.##...
#.......# #.#####
#.......# #.#....
#.......# #.#.###
####.......# #.#.#..
#.###..@.......###'#.#..
#.......#+#.............
######### #...###....#.#
##8#######8##...#.#
##...##⌠##...##..+.#
#_........†.._#..###
##...##.##...##..'..
##8##⌠.⌠##8##...##.
#####.#####....##.


There were no monsters in sight!

Vanquished Creatures
  3 adders (D:2)
  A giant gecko (D:1)
  4 bats
  2 hobgoblins (D:1)
  2 jackals (D:1)
  2 kobolds
  A ball python (D:2)
  3 giant cockroaches (D:1)
  A giant newt (D:1)
  3 goblins (D:1)
  7 rats
29 creatures vanquished.

Notes
Turn   | Place    | Note
--------------------------------------------------------------
     0 | D:1      | dearth the Spriggan Enchanter began the quest for the Orb.
     0 | D:1      | Reached XP level 1. HP: 9/9 MP: 5/5
   358 | D:1      | Reached XP level 2. HP: 13/13 MP: 6/6
  1261 | D:2      | Reached XP level 3. HP: 16/16 MP: 8/8
  1335 | D:2      | Reached skill level 5 in Stealth
  1414 | D:2      | Found a radiant altar of Vehumet.
  1414 | D:2      | Found a blossoming altar of Fedhas.
  1537 | D:2      | Succumbed to an adder's poison

Action                   || total
-------------------------++-------
Melee: Dagger            ||    98
 Cast: Corona            ||     4
 Stab: Sleeping          ||     9
       Distracted        ||     1
